 Dungeon Crawl Stone Soup version 0.23.0-3-gf3c87f2 (webtiles) character file.

Game seed: 17256437128282207842

106 Irenicus the Digger (level 4, -8/36 HPs)
             Began as a Deep Dwarf Earth Elementalist on Feb 24, 2019.
             Engulfed by a cloud of flame (14 damage)
             ... on level 3 of the Dungeon.
             The game lasted 00:07:52 (960 turns).

Irenicus the Digger (Deep Dwarf Earth Elementalist)  Turns: 960, Time: 00:07:52

Health: -8/36      AC:  3    Str: 12    XL:     4   Next: 55%
Magic:  1/7        EV: 12    Int: 16    God:
Gold:   47         SH:  0    Dex: 13    Spells: 4/7 levels left

rFire    . . .     SeeInvis .   i - +0 dagger
rCold    . . .     Gourm    .   (no shield)
rNeg     . . .     Faith    .   g - +0 leather armour
rPois    .         Spirit   .   (no helmet)
rElec    .         Reflect  .   (no cloak)
rCorr    .         Harm     .   (no gloves)
MR       .....                  (no boots)
Stlth    ++........             (no amulet)
HPRegen  0.00/turn              (no ring)
MPRegen  0.10/turn              (no ring)

@: lethally poisoned (-8 -> -8), non-regenerating
A: damage resistance, heal wounds, sense surroundings 1, no regeneration
a: Heal Wounds


You were on level 3 of the Dungeon.
You were not hungry.

You visited 1 branch of the dungeon, and saw 3 of its levels.

You collected 47 gold pieces.

Inventory:

Hand Weapons
 i - a +0 dagger (weapon)
   (You took it off a goblin on level 1 of the Dungeon)
Missiles
 b - 87 stones (quivered)
 c - 2 throwing nets {=f, !d}
Armour
 g - a +0 leather armour (worn)
   (You found it on level 1 of the Dungeon)
Wands
 f - a wand of scattershot (4)
   (You found it on level 3 of the Dungeon)
Scrolls
 a - a scroll of enchant weapon {unknown}
 e - a scroll of identify {unknown}
Potions
 h - 2 potions of magic {unknown}
 j - 2 potions of curing
 l - a potion of agility {unknown}
 m - a potion of degeneration {unknown}
Comestibles
 d - 4 rations


   Skills:
 - Level 2.1 Dodging
 - Level 2.4 Stealth
 - Level 2.0 Spellcasting
 - Level 0.8 Transmutations
 + Level 7.0 Earth Magic


You had 4 spell levels left.
You knew the following spells:

 Your Spells              Type           Power        Failure   Level  Hunger
a - Sandblast             Erth           ###...       1%          1    #......
w - Passwall              Tmut/Erth      ##......     8%          2    ###....

Your spell library contained the following spells:

 Spells                   Type           Power        Failure   Level  Hunger
 Stone Arrow              Conj/Erth      ##....       19%         3    ###....
 Petrify                  Tmut/Erth      ##......     45%         4    #####..
 Lee's Rapid Deconstruct  Erth           ###.......   38%         5    ######.


Dungeon Overview and Level Annotations

Branches:
Dungeon (2/15)

Altars:
Elyvilon
Fedhas
Zin


Innate Abilities, Weirdness & Mutations

You are resistant to damage.
You can heal yourself by infusing magical energy.
You passively map a small area around you.
You do not regenerate.


Message History

The worm bites you.
You now have 1/6 mp.
Aim: a worm (severely wounded)
The blast of sand hits the worm!
You kill the worm!
b - 91 stones You now have 0/6 mp.
m - a white potion A kobold and a dart slug come into view.
The kobold shouts!
Found a hunting sling.
Found an escape hatch in the floor.
Aim: a dart slug (clinging, hasn't noticed you)
The blast of sand hits the dart slug!
You kill the dart slug!
b - 90 stones You now have 0/6 mp.
You don't have enough magic to cast that spell.
Unknown command.
You barely miss the kobold. The kobold hits you but does no damage.
Aim: a kobold, wielding a +0 dagger The blast of sand hits the kobold!
You kill the kobold!
b - 89 stones You now have 0/6 mp.
Things that are here:
a +0 dagger; a kobold corpse
There is an escape hatch in the floor here.
A worm comes into view.
Aim: a worm The blast of sand hits the worm!
b - 88 stones You now have 0/6 mp.
Aim: a worm (moderately wounded)
The blast of sand hits the worm!
You kill the worm!
You have reached level 4!
You feel stronger.
b - 87 stones You regained 7 hp, and now have 31/36 hp.
You now have 0/7 mp.
You fall through a shaft!
The shaft crumbles and collapses.
A ball python comes into view.
The ball python hisses angrily.
An adder comes into view.
The adder hisses angrily.
You hear a shout!
Jessica the Apprentice Sorceress comes into view.
Jessica shouts!
Okay, then.
As you read the scroll labeled IMAONT INWAN, it crumbles to dust.
You feel blessed for a moment.
It was a scroll of remove curse.
A hobgoblin comes into view. It is wielding a +0 club.
As you read the scroll labeled KUIFON IL YHAT, it crumbles to dust.
The creatures around you are filled with an inner flame!
It was a scroll of immolation.
The adder closely misses you.
It was a potion of curing.
You feel better. The adder closely misses you. x2
Health restored: 36
Okay, then.
The adder bites you but does no damage. The ball python bites you.
The ball python barely misses you.
You take 1 damage, and have 35/36 hp.
The ball python barely misses you. The ball python grabs you.
The ball python constricts you. Jessica hits you but does no damage.
You escape the ball python's grasp.
The hobgoblin closely misses you.
Jessica grins evilly.
The adder bites you but does no damage.
You see here a wand of scattershot (5).
f - a wand of scattershot (5)
The adder bites you but does no damage.
The ball python bites you but does no damage.
The ball python closely misses you. Jessica hits you but does no damage.
The adder bites you.
You are poisoned.
The adder poisons you! The ball python closely misses you.
The ball python grabs you. The ball python constricts you.
Jessica gestures at you while chanting.
You struggle to resist.
You take 1 damage, and have 34/36 hp.
You escape the ball python's grasp.
Jessica mumbles some strange words.
Jessica seems to speed up.
The hobgoblin completely misses you. The adder bites you.
You take 1 damage, and have 33/36 hp.
That's the wrong kind of item! (Use * to select it.)
Aim: a hobgoblin, wielding a +0 club (inner flame)
The burst of metal fragments hits the hobgoblin!
The hobgoblin explodes!
The fiery explosion engulfs the adder!!!
The adder explodes!
The fiery explosion engulfs you!
The fiery explosion engulfs Jessica!!
The fiery explosion engulfs the ball python!!
The ball python explodes!
Your Earth Magic skill increases to level 7!
You are engulfed in blazing flames.
Ouch! That really hurt!
* * * LOW HITPOINT WARNING * * *
You take 27 damage, and have 6/36 hp.
MASSIVE DAMAGE!!
Okay, then.
You fail to use your ability.
You are engulfed in blazing flames.
You die...

######....$#
#......%.#*
#........#
#........#
#..§.....#
**
#..§§§...##
,
###§§§.....#
#§§§§...#.#
#@#.###.#$#
* #+#... .#
# ,
,,.##.#.#, *
, ,, .# * #
, * , , * *,
* , ,, , , *


There were no monsters in sight!

Vanquished Creatures
  Jessica (D:3)
  2 adders
  An ooze (D:2)
  2 worms (D:2)
  A dart slug (D:2)
  2 leopard geckos (D:2)
  3 bats
  2 giant cockroaches
  2 goblins (D:1)
  8 hobgoblins
  3 jackals
  A quokka (D:2)
  2 ball pythons
  2 frilled lizards
  6 kobolds
  10 rats
48 creatures vanquished.

Notes
Turn   | Place    | Note
-------+----------+-------------------------------------------
     0 | D:1      | Irenicus the Deep Dwarf Earth Elementalist began the quest
                  | for the Orb.
     0 | D:1      | Reached XP level 1. HP: 15/15 MP: 3/3
    79 | D:1      | Reached skill level 2 in Spellcasting
   277 | D:1      | Reached XP level 2. HP: 19/22 MP: 3/5
   289 | D:1      | Learned a level 2 spell: Passwall
   630 | D:2      | Reached skill level 5 in Earth Magic
   669 | D:2      | Reached XP level 3. HP: 24/28 MP: 0/6
   813 | D:2      | Reached skill level 6 in Earth Magic
   814 | D:2      | Found a blossoming altar of Fedhas.
   820 | D:2      | Found a glowing silver altar of Zin.
   829 | D:2      | Found a white marble altar of Elyvilon.
   943 | D:2      | Reached XP level 4. HP: 31/36 MP: 0/7
   946 | D:2      | You fall through a shaft!
   946 | D:3      | Noticed Jessica
   959 | D:3      | Killed Jessica
   959 | D:3      | Reached skill level 7 in Earth Magic
   959 | D:3      | HP: 6/36 [cloud of flame (18)]
   960 | D:3      | Engulfed by a cloud of flame

Skill      XL: |  1  2  3  4 |
---------------+-------------+-----
Spellcasting   | 2 |  2.0
Earth Magic    | 5 6 7 |  7.0
Dodging        | |  2.1
Stealth        | |  2.4
Transmutations | |  0.8

Action                   |  1- 3 |  4- 6 || total
-------------------------+-------+-------++-------
Melee: Club              |     8 |       ||     8
       Dagger            |    26 |       ||    26
 Cast: Sandblast         |    43 |     1 ||    44
       Passwall          |     6 |       ||     6
Evoke: Wand              |       |     1 ||     1
  Use: Scroll            |       |     2 ||     2
       Potion            |       |     1 ||     1
 Stab: Sleeping          |     2 |       ||     2
       Distracted        |     1 |       ||     1
  Eat: Chunk             |     1 |       ||     1
Armor: Leather armour    |    14 |     6 ||    20
       Robe              |     1 |       ||     1
Dodge: Dodged            |    42 |     9 ||    51

Levels and vault maps discovered:
D:1:      wander_arrival_chamber, layout_basic
D:2:      minmay_alternating_diamond, layout_rooms,
          minmay_overflow_temple_star_quad
D:3:      layout_basic, first_ration, minmay_misc_feat_more_columns, uniq_robin,
          uniq_jessica

Table legend:
 A = Turns spent in this place as a percentage of turns spent in the entire game.
 B = Non-inter-level travel turns spent in this place as a percentage of non-inter-level travel turns spent in the entire game.
 C = Inter-level travel turns spent in this place as a percentage of turns spent in this place.
 D = Turns resting spent in this place as a percentage of non-inter-level travel turns spent in this place.
 E = Turns spent auto-exploring this place as a percentage of non-inter-level travel turns spent in this place.
 F = Non-inter-level travel turns spent in this place divided by the number of levels of this place that you've seen.
                   A       B       C       D       E      F
               +-------+-------+-------+-------+-------+----------------------
         Total | 100.0 | 100.0 |   0.0 |   0.0 |   0.0 | 320.0
       Dungeon | 100.0 | 100.0 |   0.0 |   0.0 |   0.0 | 320.0
               +-------+-------+-------+-------+-------+----------------------

Table legend:
 A = Kills in this place as a percentage of kills in entire the game.
 B = Kills by you in this place as a percentage of kills by you in the entire game.
 C = Kills by friends in this place as a percentage of kills by friends in the entire game.
 D = Other kills in this place as a percentage of other kills in the entire game.
 E = Experience gained in this place as a percentage of experience gained in the entire game.
 F = Experience gained in this place divided by the number of levels of this place that you have seen.
                   A       B       C       D       E      F
               +-------+-------+-------+-------+-------+----------------------
         Total | 100.0 | 100.0 |   N/A |   N/A | 100.0 |  50.7
       Dungeon | 100.0 | 100.0 |   N/A |   N/A | 100.0 |  50.7
               +-------+-------+-------+-------+-------+----------------------
